Checkers vs Penguins (R1)

Created - March 15, 2025 at 20:05

Goals
1 2 3 T
Checkers 3 3 0 6
Penguins 0 1 0 1
Shots
1 2 3 T
Checkers 15 16 5 36
Penguins 10 4 4 18

1st period

1. Checkers , Nathan Walker 30 (Patrick Brown 41, Ryan Pulock 23) at 9:13
2. Checkers , Nathan Walker 31 (Dylan Gambrell 63, Viktor Baldayev 13) at 12:33
3. Checkers , Roberts Lipsbergs 18 (Moritz Seider 20) at 19:12

Penalties :
Denis Malgin (Wil) for Roughing (Minor) at 15:26

2nd period

4. Penguins , Clayton Keller 28 (Evan Rodrigues 26, Denis Malgin 47) at 1:31
5. Checkers , Mitchell Heard 15 (Brendan Leipsic 8, Moritz Seider 21) at 4:21
6. Checkers , Shane Bowers 8 (Roberts Lipsbergs 11) at 6:02
7. Checkers , Timothy Liljegren 13 (Nathan Walker 49) at 17:56 (PP)

Penalties :
Marc Del Gaizo (Wil) for Hooking (Minor) at 6:05, Jesperi Kotkaniemi (Wil) for Slashing (Minor) at 9:00, Denis Malgin (Wil) for Interference (Minor) at 17:44, Evan Rodrigues (Wil) for Holding (Minor) at 17:59

3rd period

No Goal

Penalties :
Matthew Finn (Wil) for Tripping (Minor) at 4:04, Patrick Brown (Cha) for Interference (Minor) at 7:19, Jeff Malott (Wil) for Kneeing (Minor) at 9:30, Noah Dobson (Wil) for Holding (Minor) at 14:39, Matias Maccelli (Cha) for Tripping (Minor) at 18:40

Goalie Stats

Brandon Halverson (Cha), 17 saves from 18 shots - (0.944), W, 2-0-0, 60:00 minutes
Ivan Fedotov (Wil), 12 saves from 16 shots - (0.750), L, 23-20-4, 24:21 minutes
Spencer Knight (Wil), 18 saves from 20 shots - (0.900), 35:39 minutes

Players Stats for Checkers

Player Name              G  A  P  +/- PIM S  H  SB GA TA FO     MP     PP MP  PK MP  
------------------------------------------------------------------------------------
Alexander Romanov        0  0  0   1  0   0  1  0  0  0  0/0    16:23   0:08   0:00 
Austin Poganski          0  0  0   0  0   0  2  1  0  0  0/0    10:45   1:23   0:54 
Brendan Leipsic          0  1  1   0  0   1  1  0  0  0  0/0    10:45   1:11   1:01 
Dylan Gambrell           0  1  1   2  0   0  2  0  2  0  19/30  20:46   7:25   0:49 
Kieffer Bellows          0  0  0   0  0   0  2  0  0  0  0/0    15:30   5:21   0:00 
Matias Maccelli          0  0  0   0  2   4  1  0  0  0  0/0    15:29   5:21   0:00 
Michael Anderson         0  0  0   3  0   0  0  0  0  0  0/0    15:56   5:55   1:15 
Mitchell Heard           1  0  1   0  0   1  2  0  0  0  3/5    11:59   1:19   2:05 
Moritz Seider            0  2  2   3  0   0  0  1  0  1  0/0    14:41   5:55   0:00 
Nathan Walker            2  1  3   2  0   11 1  0  1  1  2/2    20:59   7:33   0:52 
Nick Abruzzese           0  0  0   0  0   1  1  1  0  0  5/9    15:30   5:21   0:00 
Patrick Brown            0  1  1   2  2   6  1  0  1  0  1/2    20:54   7:21   0:55 
Roberts Lipsbergs        1  1  2   2  0   2  0  0  1  0  3/3    11:21   0:00   0:00 
Ryan Pulock              0  1  1   0  0   1  2  2  0  1  0/0    27:45   8:06   2:03 
Shane Bowers             1  0  1   2  0   3  1  0  0  0  3/5    11:21   0:00   0:00 
Timothy Liljegren        1  0  1   0  0   4  1  2  2  0  0/0    26:41   8:02   1:15 
Tyce Thompson            0  0  0   2  0   1  1  0  1  0  0/0    11:21   0:00   0:00 
Viktor Baldayev          0  1  1   1  0   1  2  0  0  0  0/0    18:34   0:04   2:03 

Players Stats for Penguins

Player Name              G  A  P  +/- PIM S  H  SB GA TA FO     MP     PP MP  PK MP  
------------------------------------------------------------------------------------
Bowen Byram              0  0  0  -1  0   0  1  2  0  0  0/0    11:03   0:00   0:00 
Clayton Keller           1  0  1   1  0   3  2  0  0  0  0/2    14:00   2:22   0:00 
Dakota Mermis            0  0  0  -2  0   2  1  1  0  0  0/0    27:16   1:22   9:03 
Denis Malgin             0  1  1   1  4   1  2  1  1  2  10/28  20:41   2:22   6:25 
Dmitry Voronkov          0  0  0  -2  0   1  2  0  0  0  0/3     8:15   0:00   0:33 
Evan Rodrigues           0  1  1   1  2   2  0  1  0  1  0/0    20:36   2:22   6:35 
Jeff Malott              0  0  0  -1  2   2  1  0  0  0  0/1    11:09   0:00   1:06 
Jesper Boqvist           0  0  0  -1  0   1  0  0  0  0  0/0    10:21   0:00   0:09 
Jesperi Kotkaniemi       0  0  0  -1  2   1  0  0  0  0  4/6    14:41   0:00   4:14 
John Marino              0  0  0  -1  0   0  2  0  1  0  0/0    24:39   1:56   8:20 
Josh Ho-Sang             0  0  0  -2  0   0  0  0  0  0  0/1    13:58   0:56   0:00 
Juuso Ikonen             0  0  0  -2  0   0  1  0  1  1  0/1    16:22   0:56   2:15 
Marc Del Gaizo           0  0  0  -1  2   2  1  1  0  1  0/0    19:49   1:22   4:24 
Matthew Finn             0  0  0  -1  2   0  0  1  0  0  0/0    13:12   0:00   1:21 
Noah Dobson              0  0  0  -2  2   0  1  1  0  3  0/0    23:05   1:56   5:02 
Philipp Kurashev         0  0  0  -2  0   1  2  0  0  0  5/13   17:13   0:56   2:53 
Sam Kurker               0  0  0  -2  0   1  1  0  0  0  0/0     7:39   0:00   0:00 
Sampo Ranta              0  0  0  -2  0   1  3  0  0  0  1/1    11:48   0:00   4:00 

3 Stars

1 - Nathan Walker (Cha)
2 - Roberts Lipsbergs (Cha)
3 - Moritz Seider (Cha)

Power Play

Checkers - 1 on 8 Attempt(s) - 12.50%
Penguins - 0 on 2 Attempt(s) - 0.00%

Penalty Kill

Checkers - 2 on 2 Attempt(s) - 100.00% - Score 0 goal in Penalty Kill
Penguins - 7 on 8 Attempt(s) - 87.50% - Score 0 goal in Penalty Kill

Team Stat

Checkers - Hits : 21 - Faceoff Wins : 36 - Blocked Shots : 7 - Penalty Minutes : 4
Penguins - Hits : 20 - Faceoff Wins : 20 - Blocked Shots : 8 - Penalty Minutes : 16

Official

Referees : Steve Kozari and Beaudry Halkidis
Linesman : James Tobias and Brian Mach

Game Notes

Spencer Knight enters game at 4:21 of 2nd period

Finance

Level 1 -- Attendance: 1957 (97.85%) -- Ticket Income $136,990
Level 2 -- Attendance: 1000 (100.00%) -- Ticket Income $40,000
Total Attendance: 2957 (98.57%)
Total Ticket Income: $176,990
Other Income: $8,850
Total Income: $185,840

Checkers

5 vs 5 Forward 
   Center                   Left Wing                Right Wing               Time % Phy DF OF 
 1 Dylan Gambrell           Nathan Walker            Patrick Brown            40     0   2  3  
 2 Nick Abruzzese           Matias Maccelli          Kieffer Bellows          30     0   2  3  
 3 Mitchell Heard           Brendan Leipsic          Austin Poganski          20     0   2  3  
 4 Shane Bowers             Roberts Lipsbergs        Tyce Thompson            10     0   2  3  

5 vs 5 Defense 
   Defense                  Defense                                           Time % Phy DF OF 
 1 Timothy Liljegren        Ryan Pulock                                       40     0   2  3  
 2 Viktor Baldayev          Alexander Romanov                                 30     0   2  3  
 3 Moritz Seider            Michael Anderson                                  20     0   2  3  
 4 Timothy Liljegren        Ryan Pulock                                       10     0   2  3  

PowerPlay Forward 
   Center                   Left Wing                Right Wing               Time % Phy DF OF 
 1 Dylan Gambrell           Nathan Walker            Patrick Brown            60     0   1  4  
 2 Nick Abruzzese           Matias Maccelli          Kieffer Bellows          40     0   1  4  

PowerPlay Defense
   Defense                  Defense                                           Time % Phy DF OF 
 1 Timothy Liljegren        Ryan Pulock                                       60     0   2  3  
 2 Moritz Seider            Michael Anderson                                  40     0   2  3  

Penalty Kill 4 Players Forward 
   Center                   Wing                     Time % Phy DF OF 
 1 Mitchell Heard           Patrick Brown            60     1   3  1  
 2 Dylan Gambrell           Nathan Walker            40     1   3  1  

Penalty Kill 4 Players Defense
   Defense                  Defense                  Time % Phy DF OF 
 1 Viktor Baldayev          Ryan Pulock              60     1   4  0  
 2 Timothy Liljegren        Michael Anderson         40     1   4  0  

Penalty Kill - 3 Players Forward 
   Forward                                           Time % Phy DF OF 
 1 Mitchell Heard                                    60     1   3  1  
 2 Patrick Brown                                     40     1   3  1  

Penalty Kill - 3 Players Defense
   Defense                  Defense                  Time % Phy DF OF 
 1 Viktor Baldayev          Ryan Pulock              60     1   4  0  
 2 Timothy Liljegren        Michael Anderson         40     1   4  0  

4 vs 4 Forward 
   Center                   Wing                     Time % Phy DF OF 
 1 Dylan Gambrell           Matias Maccelli          60     0   2  3  
 2 Nick Abruzzese           Nathan Walker            40     0   2  3  

4 vs 4 Defense
   Defense                  Defense                  Time % Phy DF OF 
 1 Timothy Liljegren        Ryan Pulock              60     0   2  3  
 2 Viktor Baldayev          Alexander Romanov        40     0   2  3  

Last Minutes Offensive
   Center                   Left Wing                Right Wing               Defense                  Defense                  
   Dylan Gambrell           Nathan Walker            Patrick Brown            Timothy Liljegren        Ryan Pulock              

Last Minutes Defensive
   Center                   Left Wing                Right Wing               Defense                  Defense                  
   Dylan Gambrell           Nathan Walker            Patrick Brown            Viktor Baldayev          Ryan Pulock              

Goaltenders
Starting : Brandon Halverson        
Backup : Joseph Woll              

Extra Forwards
Normal : Matias Maccelli, Nathan Walker, Dylan Gambrell - PP : Nathan Walker, Matias Maccelli - PK : Austin Poganski
Extra Defensemen
Normal : Michael Anderson, Timothy Liljegren, Ryan Pulock - PP : Moritz Seider - PK : Timothy Liljegren, Viktor Baldayev
Penalty Shots
Matias Maccelli, Dylan Gambrell, Nathan Walker, Patrick Brown, Nick Abruzzese
Custom OT Lines Forwards
Patrick Brown, Dylan Gambrell, Nathan Walker, Matias Maccelli, Mitchell Heard, Roberts Lipsbergs, Austin Poganski, Kieffer Bellows, Nick Abruzzese, Brendan Leipsic
Custom OT Lines Defensemen
Timothy Liljegren, Ryan Pulock, Viktor Baldayev, Michael Anderson, Alexander Romanov

Scratches
Brett Pollock (Healthy), Jordan Harris (Healthy), Jared McIsaac (Healthy), Mikhail Abramov (Healthy), Mattias Norlinder (Healthy)
Nathan Legare (Healthy), Arvid Soderblom (Healthy), Kirill Ustimenko (Healthy)

Penguins

5 vs 5 Forward 
   Center                   Left Wing                Right Wing               Time % Phy DF OF 
 1 Denis Malgin             Evan Rodrigues           Clayton Keller           40     1   2  2  
 2 Philipp Kurashev         Juuso Ikonen             Josh Ho-Sang             30     1   2  2  
 3 Jesperi Kotkaniemi       Jeff Malott              Jesper Boqvist           20     1   2  2  
 4 Dmitry Voronkov          Sampo Ranta              Sam Kurker               10     1   2  2  

5 vs 5 Defense 
   Defense                  Defense                                           Time % Phy DF OF 
 1 Dakota Mermis            Noah Dobson                                       45     1   2  2  
 2 John Marino              Marc Del Gaizo                                    35     1   2  2  
 3 Bowen Byram              Matthew Finn                                      20     1   2  2  
 4 Dakota Mermis            Noah Dobson                                       0      1   2  2  

PowerPlay Forward 
   Center                   Left Wing                Right Wing               Time % Phy DF OF 
 1 Denis Malgin             Evan Rodrigues           Clayton Keller           60     0   2  3  
 2 Philipp Kurashev         Juuso Ikonen             Josh Ho-Sang             40     0   2  3  

PowerPlay Defense
   Defense                  Defense                                           Time % Phy DF OF 
 1 Dakota Mermis            Marc Del Gaizo                                    60     0   2  3  
 2 Noah Dobson              John Marino                                       40     0   2  3  

Penalty Kill 4 Players Forward 
   Center                   Wing                     Time % Phy DF OF 
 1 Denis Malgin             Evan Rodrigues           60     1   3  1  
 2 Jesperi Kotkaniemi       Sampo Ranta              40     1   3  1  

Penalty Kill 4 Players Defense
   Defense                  Defense                  Time % Phy DF OF 
 1 Dakota Mermis            John Marino              60     1   3  1  
 2 Noah Dobson              Marc Del Gaizo           40     1   3  1  

Penalty Kill - 3 Players Forward 
   Forward                                           Time % Phy DF OF 
 1 Evan Rodrigues                                    60     1   3  1  
 2 Denis Malgin                                      40     1   3  1  

Penalty Kill - 3 Players Defense
   Defense                  Defense                  Time % Phy DF OF 
 1 Dakota Mermis            John Marino              60     1   3  1  
 2 Noah Dobson              Marc Del Gaizo           40     1   3  1  

4 vs 4 Forward 
   Center                   Wing                     Time % Phy DF OF 
 1 Denis Malgin             Evan Rodrigues           60     1   2  2  
 2 Philipp Kurashev         Juuso Ikonen             40     1   2  2  

4 vs 4 Defense
   Defense                  Defense                  Time % Phy DF OF 
 1 Dakota Mermis            John Marino              60     1   2  2  
 2 Noah Dobson              Marc Del Gaizo           40     1   2  2  

Last Minutes Offensive
   Center                   Left Wing                Right Wing               Defense                  Defense                  
   Denis Malgin             Evan Rodrigues           Clayton Keller           Dakota Mermis            John Marino              

Last Minutes Defensive
   Center                   Left Wing                Right Wing               Defense                  Defense                  
   Denis Malgin             Evan Rodrigues           Clayton Keller           Dakota Mermis            John Marino              

Goaltenders
Starting : Ivan Fedotov             
Backup : Spencer Knight           

Extra Forwards
Normal : Clayton Keller, Philipp Kurashev, Jesperi Kotkaniemi - PP : Clayton Keller, Philipp Kurashev - PK : Denis Malgin
Extra Defensemen
Normal : Dakota Mermis, Marc Del Gaizo, Matthew Finn - PP : Dakota Mermis - PK : John Marino, Dakota Mermis
Penalty Shots
Evan Rodrigues, Denis Malgin, Clayton Keller, Jesperi Kotkaniemi, Philipp Kurashev
Custom OT Lines Forwards
Evan Rodrigues, Denis Malgin, Clayton Keller, Juuso Ikonen, Philipp Kurashev, Jesper Boqvist, Dmitry Voronkov, Jesperi Kotkaniemi, Josh Ho-Sang, Sampo Ranta
Custom OT Lines Defensemen
Dakota Mermis, John Marino, Noah Dobson, Marc Del Gaizo, Bowen Byram

Scratches
Kevin Stenlund (Healthy), Austin Strand (Healthy), Ryan MacInnis (Healthy), Viktor Loov (Healthy), Shawn Boudrias (Healthy)
Artemi Kniazev (Healthy), Ryan Johnson (Healthy), Matthew Boldy (Right Forearm Injury), Nolan Foote (Healthy), Valtteri Puustinen (Healthy)
Anthony Stolarz (Healthy), Zachary Bouthillier (Healthy)

% Time on Ice - Checkers

Lines # - Real PCT - Wanted PCT - Time Play
Normal Forward
1 - 30% - 40% - 12:45
2 - 24% - 30% - 10:09
3 - 20% - 20% - 8:22
4 - 27% - 10% - 11:21
Normal Defense
1 - 39% - 40% - 16:49
2 - 38% - 30% - 16:09
3 - 18% - 20% - 7:53
4 - 4% - 10% - 1:46
PP Forward
1 - 62% - 60% - 8:44
2 - 38% - 40% - 5:21
PP Defense
1 - 58% - 60% - 8:10
2 - 42% - 40% - 5:55
PK Forward
1 - 88% - 60% - 2:54
2 - 12% - 40% - 0:24
PK Defense
1 - 62% - 60% - 2:03
2 - 38% - 40% - 1:15
PK3 Forward
1 - 0% - 60%
2 - 0% - 40%
PK3 Defense
1 - 0% - 60%
2 - 0% - 40%
44 Forward
1 - 0% - 60%
2 - 0% - 40%
44 Defense
1 - 0% - 60%
2 - 0% - 40%
Last Minute Offensive  - 0:00
Last Minute Defensive  - 0:00
Total
Forward - 60:00
Defense - 60:00

% Time on Ice - Penguins

Lines # - Real PCT - Wanted PCT - Time Play
Normal Forward
1 - 28% - 40% - 12:06
2 - 31% - 30% - 13:11
3 - 23% - 20% - 9:41
4 - 18% - 10% - 7:39
Normal Defense
1 - 40% - 45% - 16:51
2 - 33% - 35% - 14:10
3 - 27% - 20% - 11:36
4 - 0% - 0% - 0:00
PP Forward
1 - 72% - 60% - 2:22
2 - 28% - 40% - 0:56
PP Defense
1 - 41% - 60% - 1:22
2 - 59% - 40% - 1:56
PK Forward
1 - 74% - 60% - 10:23
2 - 26% - 40% - 3:42
PK Defense
1 - 64% - 60% - 8:57
2 - 36% - 40% - 5:08
PK3 Forward
1 - 0% - 60%
2 - 0% - 40%
PK3 Defense
1 - 0% - 60%
2 - 0% - 40%
44 Forward
1 - 0% - 60%
2 - 0% - 40%
44 Defense
1 - 0% - 60%
2 - 0% - 40%
Last Minute Offensive  - 0:00
Last Minute Defensive  - 0:00
Total
Forward - 60:00
Defense - 60:00

Play-by-Play

1st period


0:01 of 1st period - Dylan Gambrell wins face-off versus Denis Malgin in neutral zone.
0:03 of 1st period - Off-side.
0:04 of 1st period - Dylan Gambrell wins face-off versus Denis Malgin in neutral zone.
0:31 of 1st period - Wrist shot by Matias Maccelli.
0:31 of 1st period - Stopped by Ivan Fedotov with a rebound.
0:39 of 1st period - Slapshot by Dakota Mermis.
0:39 of 1st period - Deflect By Ryan Pulock.
0:39 of 1st period - Stopped by Brandon Halverson without a rebound.
0:40 of 1st period - Jesperi Kotkaniemi wins face-off versus Mitchell Heard in Checkers zone.
1:05 of 1st period - Viktor Baldayev is hit by Dmitry Voronkov and loses puck.
1:12 of 1st period - Slapshot by Alexander Romanov.
1:12 of 1st period - Shot Misses the Net.
2:59 of 1st period - Noah Dobson is hit by Viktor Baldayev and loses puck.
3:28 of 1st period - Snap shot by Sam Kurker.
3:28 of 1st period - Shot Misses the Net.
3:40 of 1st period - Slapshot by Jesperi Kotkaniemi.
3:40 of 1st period - Shot Misses the Net.
5:00 of 1st period - Evan Rodrigues is hit by Austin Poganski and loses puck.
5:17 of 1st period - Timothy Liljegren is hit by Denis Malgin and loses puck.
5:28 of 1st period - Wrist shot by Evan Rodrigues.
5:28 of 1st period - Shot Blocked by Timothy Liljegren.
5:46 of 1st period - Wrist shot by Evan Rodrigues.
5:46 of 1st period - Stopped by Brandon Halverson with a rebound.
6:10 of 1st period - Wrist shot by Clayton Keller.
6:10 of 1st period - Stopped by Brandon Halverson without a rebound.
6:11 of 1st period - Nick Abruzzese wins face-off versus Josh Ho-Sang in Checkers zone.
6:24 of 1st period - Snap shot by Nick Abruzzese.
6:24 of 1st period - Shot Misses the Net.
6:38 of 1st period - Marc Del Gaizo is hit by Shane Bowers and loses puck.
7:05 of 1st period - Bowen Byram is hit by Mitchell Heard and loses puck.
7:18 of 1st period - Bowen Byram is hit by Austin Poganski and loses puck.
7:33 of 1st period - Snap shot by Philipp Kurashev.
7:33 of 1st period - Shot Misses the Net.
7:52 of 1st period - Dakota Mermis is hit by Tyce Thompson and loses puck.
8:05 of 1st period - Wrist shot by Nathan Walker.
8:05 of 1st period - Stopped by Ivan Fedotov without a rebound.
8:06 of 1st period - Dylan Gambrell wins face-off versus Philipp Kurashev in Penguins zone.
8:27 of 1st period - Nick Abruzzese is hit by Jeff Malott and loses puck.
8:46 of 1st period - Snap shot by Jeff Malott.
8:46 of 1st period - Stopped by Brandon Halverson with a rebound.
9:13 of 1st period - Slapshot by Nathan Walker.
9:13 of 1st period - Goal by Nathan Walker - Checkers : 1 - Penguins : 0.
9:14 of 1st period - Dylan Gambrell wins face-off versus Denis Malgin in neutral zone.
9:17 of 1st period - Snap shot by Patrick Brown.
9:17 of 1st period - Shot Blocked by Marc Del Gaizo.
9:19 of 1st period - Wrist shot by Nathan Walker.
9:19 of 1st period - Shot Blocked by Evan Rodrigues.
9:21 of 1st period - Snap shot by Nathan Walker.
9:21 of 1st period - Stopped by Ivan Fedotov with a rebound.
9:23 of 1st period - Snap shot by Nathan Walker.
9:23 of 1st period - Stopped by Ivan Fedotov without a rebound.
9:24 of 1st period - Patrick Brown wins face-off versus Denis Malgin in Penguins zone.
9:31 of 1st period - Wrist shot by Nathan Walker.
9:31 of 1st period - Shot Misses the Net.
9:33 of 1st period - Snap shot by Patrick Brown.
9:33 of 1st period - Stopped by Ivan Fedotov without a rebound.
9:34 of 1st period - Nick Abruzzese wins face-off versus Juuso Ikonen in Penguins zone.
9:59 of 1st period - Snap shot by Clayton Keller.
9:59 of 1st period - Shot Misses the Net.
10:27 of 1st period - Wrist shot by Denis Malgin.
10:27 of 1st period - Stopped by Brandon Halverson with a rebound.
10:52 of 1st period - Slapshot by Clayton Keller.
10:52 of 1st period - Stopped by Brandon Halverson with a rebound.
10:54 of 1st period - Slapshot by Marc Del Gaizo.
10:54 of 1st period - Shot Misses the Net.
10:56 of 1st period - Wrist shot by Clayton Keller.
10:56 of 1st period - Shot Misses the Net.
10:58 of 1st period - Snap shot by Denis Malgin.
10:58 of 1st period - Deflect By Clayton Keller.
10:58 of 1st period - Shot Misses the Net.
10:58 of 1st period - Puck is out of play.
10:59 of 1st period - Dylan Gambrell wins face-off versus Philipp Kurashev in Checkers zone.
11:48 of 1st period - Mitchell Heard is hit by Dmitry Voronkov and loses puck.
12:10 of 1st period - Slapshot by Moritz Seider.
12:10 of 1st period - Shot Blocked by Bowen Byram.
12:33 of 1st period - Snap shot by Nathan Walker.
12:33 of 1st period - Goal by Nathan Walker - Checkers : 2 - Penguins : 0.
12:34 of 1st period - Philipp Kurashev wins face-off versus Nick Abruzzese in neutral zone.
12:37 of 1st period - Slapshot by Dakota Mermis.
12:37 of 1st period - Stopped by Brandon Halverson without a rebound.
12:38 of 1st period - Philipp Kurashev wins face-off versus Nick Abruzzese in Checkers zone.
12:39 of 1st period - Slapshot by Juuso Ikonen.
12:39 of 1st period - Shot Blocked by Timothy Liljegren.
12:45 of 1st period - Snap shot by Philipp Kurashev.
12:45 of 1st period - Stopped by Brandon Halverson without a rebound.
12:46 of 1st period - Dylan Gambrell wins face-off versus Philipp Kurashev in Checkers zone.
13:38 of 1st period - Snap shot by Jeff Malott.
13:38 of 1st period - Shot Misses the Net.
13:58 of 1st period - Snap shot by Sam Kurker.
13:58 of 1st period - Stopped by Brandon Halverson without a rebound.
13:59 of 1st period - Dylan Gambrell wins face-off versus Dmitry Voronkov in Checkers zone.
14:06 of 1st period - Dylan Gambrell is hit by Marc Del Gaizo and loses puck.
14:21 of 1st period - Wrist shot by Sam Kurker.
14:21 of 1st period - Shot Misses the Net.
14:39 of 1st period - Snap shot by Nathan Walker.
14:39 of 1st period - Shot Blocked by Matthew Finn.
14:41 of 1st period - Slapshot by Ryan Pulock.
14:41 of 1st period - Stopped by Ivan Fedotov with a rebound.
14:57 of 1st period - Snap shot by Patrick Brown.
14:57 of 1st period - Stopped by Ivan Fedotov with a rebound.
14:59 of 1st period - Slapshot by Timothy Liljegren.
14:59 of 1st period - Stopped by Ivan Fedotov with a rebound.
15:01 of 1st period - Wrist shot by Nathan Walker.
15:01 of 1st period - Shot Misses the Net.
15:03 of 1st period - Slapshot by Patrick Brown.
15:03 of 1st period - Stopped by Ivan Fedotov without a rebound.
15:04 of 1st period - Denis Malgin wins face-off versus Nick Abruzzese in Penguins zone.
15:18 of 1st period - Slapshot by Nick Abruzzese.
15:18 of 1st period - Deflect By Matias Maccelli.
15:18 of 1st period - Stopped by Ivan Fedotov with a rebound.
15:20 of 1st period - Snap shot by Matias Maccelli.
15:20 of 1st period - Stopped by Ivan Fedotov with a rebound.
15:26 of 1st period - Minor Penalty to Denis Malgin for Roughing.
15:27 of 1st period - Nick Abruzzese wins face-off versus Jesperi Kotkaniemi in Penguins zone.
15:42 of 1st period - Wrist shot by Nick Abruzzese.
15:42 of 1st period - Shot Misses the Net.
17:26 of 1st period - Penalty to Denis Malgin is over, Denis Malgin is back on ice.
17:42 of 1st period - Slapshot by Timothy Liljegren.
17:42 of 1st period - Stopped by Ivan Fedotov without a rebound.
17:43 of 1st period - Sampo Ranta wins face-off versus Mitchell Heard in Penguins zone.
17:43 of 1st period - Sampo Ranta is hit by Viktor Baldayev.
18:13 of 1st period - Snap shot by Jeff Malott.
18:13 of 1st period - Stopped by Brandon Halverson without a rebound.
18:14 of 1st period - Shane Bowers wins face-off versus Jesperi Kotkaniemi in Checkers zone.
18:16 of 1st period - Icing by Roberts Lipsbergs.
18:17 of 1st period - Jesperi Kotkaniemi wins face-off versus Shane Bowers in Checkers zone.
18:46 of 1st period - Slapshot by Dakota Mermis.
18:46 of 1st period - Shot Misses the Net.
18:56 of 1st period - Wrist shot by Jesperi Kotkaniemi.
18:56 of 1st period - Shot Blocked by Moritz Seider.
19:10 of 1st period - Slapshot by Roberts Lipsbergs.
19:10 of 1st period - Shot Blocked by Noah Dobson.
19:12 of 1st period - Snap shot by Roberts Lipsbergs.
19:12 of 1st period - Goal by Roberts Lipsbergs - Checkers : 3 - Penguins : 0.
19:13 of 1st period - Nathan Walker wins face-off versus Denis Malgin in neutral zone.
19:39 of 1st period - Kieffer Bellows is hit by John Marino and loses puck.
Goals for this period are 3 for Checkers vs 0 for Penguins.
Shots for this period are 15 for Checkers vs 10 for Penguins.

2nd period


0:01 of 2nd period - Denis Malgin wins face-off versus Dylan Gambrell in neutral zone.
0:44 of 2nd period - Ryan Pulock is hit by Denis Malgin and loses puck.
1:13 of 2nd period - Slapshot by Clayton Keller.
1:13 of 2nd period - Shot Misses the Net.
1:27 of 2nd period - Wrist shot by Clayton Keller.
1:27 of 2nd period - Shot Misses the Net.
1:29 of 2nd period - Snap shot by Evan Rodrigues.
1:29 of 2nd period - Shot Blocked by Austin Poganski.
1:31 of 2nd period - Snap shot by Clayton Keller.
1:31 of 2nd period - Goal by Clayton Keller - Checkers : 3 - Penguins : 1.
1:32 of 2nd period - Philipp Kurashev wins face-off versus Dylan Gambrell in neutral zone.
1:59 of 2nd period - Nick Abruzzese is hit by Dakota Mermis and loses puck.
4:21 of 2nd period - Wrist shot by Mitchell Heard.
4:21 of 2nd period - Deflect By Marc Del Gaizo.
4:21 of 2nd period - Goal by Mitchell Heard - Checkers : 4 - Penguins : 1.
4:21 of 2nd period - Spencer Knight enters game.
4:22 of 2nd period - Philipp Kurashev wins face-off versus Dylan Gambrell in neutral zone.
4:37 of 2nd period - Slapshot by Timothy Liljegren.
4:37 of 2nd period - Shot Blocked by Dakota Mermis.
5:15 of 2nd period - Wrist shot by Noah Dobson.
5:15 of 2nd period - Shot Blocked by Nick Abruzzese.
5:43 of 2nd period - Wrist shot by Nathan Walker.
5:43 of 2nd period - Stopped by Spencer Knight with a rebound.
5:50 of 2nd period - Icing by Noah Dobson.
5:51 of 2nd period - Shane Bowers wins face-off versus Dmitry Voronkov in Penguins zone.
6:00 of 2nd period - Wrist shot by Shane Bowers.
6:00 of 2nd period - Stopped by Spencer Knight with a rebound.
6:02 of 2nd period - Wrist shot by Shane Bowers.
6:02 of 2nd period - Goal by Shane Bowers - Checkers : 5 - Penguins : 1.
6:03 of 2nd period - Denis Malgin wins face-off versus Dylan Gambrell in neutral zone.
6:05 of 2nd period - Minor Penalty to Marc Del Gaizo for Hooking.
6:06 of 2nd period - Dylan Gambrell wins face-off versus Denis Malgin in Penguins zone.
6:06 of 2nd period - Slapshot by Nathan Walker.
6:06 of 2nd period - Stopped by Spencer Knight with a rebound.
6:20 of 2nd period - Wrist shot by Dylan Gambrell.
6:20 of 2nd period - Deflect By Patrick Brown.
6:20 of 2nd period - Shot Misses the Net.
6:20 of 2nd period - Puck is out of play.
6:21 of 2nd period - Dylan Gambrell wins face-off versus Denis Malgin in Penguins zone.
6:47 of 2nd period - Icing by Timothy Liljegren.
6:48 of 2nd period - Nick Abruzzese wins face-off versus Denis Malgin in Checkers zone.
6:48 of 2nd period - Nick Abruzzese is hit by John Marino.
8:05 of 2nd period - Penalty to Marc Del Gaizo is over, Marc Del Gaizo is back on ice.
8:40 of 2nd period - Wrist shot by Dmitry Voronkov.
8:40 of 2nd period - Shot Misses the Net.
9:00 of 2nd period - Minor Penalty to Jesperi Kotkaniemi for Slashing.
9:01 of 2nd period - Dylan Gambrell wins face-off versus Denis Malgin in Penguins zone.
9:34 of 2nd period - Snap shot by Michael Anderson.
9:34 of 2nd period - Shot Misses the Net.
9:36 of 2nd period - Wrist shot by Michael Anderson.
9:36 of 2nd period - Shot Misses the Net.
11:00 of 2nd period - Penalty to Jesperi Kotkaniemi is over, Jesperi Kotkaniemi is back on ice.
11:12 of 2nd period - Wrist shot by Jesper Boqvist.
11:12 of 2nd period - Shot Blocked by Ryan Pulock.
11:14 of 2nd period - Slapshot by Jesper Boqvist.
11:14 of 2nd period - Stopped by Brandon Halverson with a rebound.
11:32 of 2nd period - Slapshot by Timothy Liljegren.
11:32 of 2nd period - Stopped by Spencer Knight with a rebound.
11:46 of 2nd period - Wrist shot by Dmitry Voronkov.
11:46 of 2nd period - Stopped by Brandon Halverson with a rebound.
11:53 of 2nd period - Icing by Timothy Liljegren.
11:54 of 2nd period - Roberts Lipsbergs wins face-off versus Philipp Kurashev in Checkers zone.
12:05 of 2nd period - Snap shot by Brendan Leipsic.
12:05 of 2nd period - Stopped by Spencer Knight without a rebound.
12:06 of 2nd period - Dylan Gambrell wins face-off versus Denis Malgin in Penguins zone.
12:13 of 2nd period - Wrist shot by Nathan Walker.
12:13 of 2nd period - Stopped by Spencer Knight without a rebound.
12:14 of 2nd period - Denis Malgin wins face-off versus Dylan Gambrell in Penguins zone.
12:23 of 2nd period - Denis Malgin is hit by Patrick Brown and loses puck.
12:32 of 2nd period - Snap shot by Patrick Brown.
12:32 of 2nd period - Stopped by Spencer Knight with a rebound.
12:34 of 2nd period - Snap shot by Nathan Walker.
12:34 of 2nd period - Shot Misses the Net.
12:36 of 2nd period - Wrist shot by Patrick Brown.
12:36 of 2nd period - Shot Blocked by Bowen Byram.
12:42 of 2nd period - Wrist shot by Patrick Brown.
12:42 of 2nd period - Stopped by Spencer Knight with a rebound.
12:44 of 2nd period - Slapshot by Patrick Brown.
12:44 of 2nd period - Stopped by Spencer Knight without a rebound.
12:45 of 2nd period - Nick Abruzzese wins face-off versus Philipp Kurashev in Penguins zone.
13:50 of 2nd period - John Marino is hit by Ryan Pulock and loses puck.
14:21 of 2nd period - Roberts Lipsbergs is hit by Juuso Ikonen and loses puck.
14:38 of 2nd period - Snap shot by Shane Bowers.
14:38 of 2nd period - Shot Misses the Net.
14:40 of 2nd period - Wrist shot by Tyce Thompson.
14:40 of 2nd period - Shot Misses the Net.
14:42 of 2nd period - Snap shot by Tyce Thompson.
14:42 of 2nd period - Stopped by Spencer Knight with a rebound.
14:44 of 2nd period - Slapshot by Viktor Baldayev.
14:44 of 2nd period - Stopped by Spencer Knight with a rebound.
14:46 of 2nd period - Snap shot by Shane Bowers.
14:46 of 2nd period - Shot Misses the Net.
14:54 of 2nd period - Slapshot by Marc Del Gaizo.
14:54 of 2nd period - Stopped by Brandon Halverson with a rebound.
15:21 of 2nd period - Juuso Ikonen is hit by Alexander Romanov and loses puck.
15:40 of 2nd period - Slapshot by Roberts Lipsbergs.
15:40 of 2nd period - Shot Misses the Net.
15:42 of 2nd period - Snap shot by Shane Bowers.
15:42 of 2nd period - Stopped by Spencer Knight with a rebound.
15:44 of 2nd period - Snap shot by Tyce Thompson.
15:44 of 2nd period - Shot Misses the Net.
15:46 of 2nd period - Wrist shot by Alexander Romanov.
15:46 of 2nd period - Shot Misses the Net.
17:13 of 2nd period - Shane Bowers is hit by Philipp Kurashev and loses puck.
17:22 of 2nd period - Wrist shot by Roberts Lipsbergs.
17:22 of 2nd period - Stopped by Spencer Knight without a rebound.
17:23 of 2nd period - Dylan Gambrell wins face-off versus Denis Malgin in Penguins zone.
17:44 of 2nd period - Minor Penalty to Denis Malgin for Interference.
17:45 of 2nd period - Jesperi Kotkaniemi wins face-off versus Dylan Gambrell in Penguins zone.
17:56 of 2nd period - Slapshot by Timothy Liljegren.
17:56 of 2nd period - Goal by Timothy Liljegren - Checkers : 6 - Penguins : 1.
17:57 of 2nd period - Denis Malgin wins face-off versus Dylan Gambrell in neutral zone.
17:59 of 2nd period - Minor Penalty to Evan Rodrigues for Holding.
18:00 of 2nd period - Nathan Walker wins face-off versus Denis Malgin in Penguins zone.
18:11 of 2nd period - Icing by Patrick Brown.
18:12 of 2nd period - Dylan Gambrell wins face-off versus Denis Malgin in Checkers zone.
18:58 of 2nd period - Sampo Ranta is hit by Kieffer Bellows and loses puck.
19:59 of 2nd period - Penalty to Evan Rodrigues is over, Evan Rodrigues is back on ice.
Goals for this period are 3 for Checkers vs 1 for Penguins.
Shots for this period are 16 for Checkers vs 4 for Penguins.

3rd period


0:01 of 3rd period - Denis Malgin wins face-off versus Dylan Gambrell in neutral zone.
0:16 of 3rd period - Snap shot by Nathan Walker.
0:16 of 3rd period - Stopped by Spencer Knight with a rebound.
1:20 of 3rd period - Off-side.
1:21 of 3rd period - Roberts Lipsbergs wins face-off versus Denis Malgin in neutral zone.
1:34 of 3rd period - Alexander Romanov is hit by Clayton Keller.
2:08 of 3rd period - Slapshot by Jesperi Kotkaniemi.
2:08 of 3rd period - Stopped by Brandon Halverson without a rebound.
2:09 of 3rd period - Jesperi Kotkaniemi wins face-off versus Nick Abruzzese in Checkers zone.
2:29 of 3rd period - Matthew Finn is hit by Ryan Pulock and loses puck.
2:41 of 3rd period - Snap shot by Nick Abruzzese.
2:41 of 3rd period - Stopped by Spencer Knight with a rebound.
2:56 of 3rd period - Jesperi Kotkaniemi is hit by Nick Abruzzese and loses puck.
3:21 of 3rd period - Ryan Pulock is hit by Bowen Byram and loses puck.
3:47 of 3rd period - Snap shot by Matias Maccelli.
3:47 of 3rd period - Stopped by Spencer Knight with a rebound.
4:04 of 3rd period - Minor Penalty to Matthew Finn for Tripping.
4:05 of 3rd period - Denis Malgin wins face-off versus Patrick Brown in Penguins zone.
4:05 of 3rd period - Denis Malgin is hit by Dylan Gambrell.
4:33 of 3rd period - Icing by Patrick Brown.
4:34 of 3rd period - Denis Malgin wins face-off versus Dylan Gambrell in Checkers zone.
5:17 of 3rd period - Juuso Ikonen is hit by Timothy Liljegren.
5:21 of 3rd period - Dakota Mermis is hit by Mitchell Heard and loses puck.
5:43 of 3rd period - Dakota Mermis is hit by Brendan Leipsic and loses puck.
5:58 of 3rd period - Snap shot by Brendan Leipsic.
5:58 of 3rd period - Shot Misses the Net.
6:04 of 3rd period - Penalty to Matthew Finn is over, Matthew Finn is back on ice.
6:07 of 3rd period - Off-side.
6:08 of 3rd period - Denis Malgin wins face-off versus Shane Bowers in neutral zone.
6:38 of 3rd period - Dylan Gambrell is hit by Sampo Ranta and loses puck.
7:08 of 3rd period - Off-side.
7:09 of 3rd period - Dylan Gambrell wins face-off versus Philipp Kurashev in neutral zone.
7:19 of 3rd period - Minor Penalty to Patrick Brown for Interference.
7:20 of 3rd period - Mitchell Heard wins face-off versus Denis Malgin in Checkers zone.
8:21 of 3rd period - Slapshot by Nathan Walker.
8:21 of 3rd period - Stopped by Spencer Knight without a rebound.
8:22 of 3rd period - Dylan Gambrell wins face-off versus Philipp Kurashev in Penguins zone.
9:19 of 3rd period - Penalty to Patrick Brown is over, Patrick Brown is back on ice.
9:30 of 3rd period - Minor Penalty to Jeff Malott for Kneeing.
9:31 of 3rd period - Dylan Gambrell wins face-off versus Denis Malgin in Penguins zone.
9:35 of 3rd period - Snap shot by Dylan Gambrell.
9:35 of 3rd period - Deflect By Nathan Walker.
9:35 of 3rd period - Shot Blocked by Denis Malgin.
9:35 of 3rd period - Puck is out of play.
9:36 of 3rd period - Denis Malgin wins face-off versus Dylan Gambrell in Penguins zone.
11:17 of 3rd period - Philipp Kurashev is hit by Kieffer Bellows and loses puck.
11:30 of 3rd period - Penalty to Jeff Malott is over, Jeff Malott is back on ice.
11:44 of 3rd period - Snap shot by Sampo Ranta.
11:44 of 3rd period - Stopped by Brandon Halverson with a rebound.
12:24 of 3rd period - Wrist shot by Jesperi Kotkaniemi.
12:24 of 3rd period - Deflect By Jeff Malott.
12:24 of 3rd period - Shot Misses the Net.
12:24 of 3rd period - Puck is out of play.
12:25 of 3rd period - Shane Bowers wins face-off versus Jeff Malott in Checkers zone.
12:30 of 3rd period - Alexander Romanov is hit by Noah Dobson and loses puck.
12:47 of 3rd period - Sam Kurker is hit by Dylan Gambrell and loses puck.
12:54 of 3rd period - Patrick Brown is hit by Sam Kurker.
13:12 of 3rd period - Snap shot by Evan Rodrigues.
13:12 of 3rd period - Shot Misses the Net.
13:44 of 3rd period - Icing by John Marino.
13:45 of 3rd period - Philipp Kurashev wins face-off versus Dylan Gambrell in Penguins zone.
13:50 of 3rd period - Slapshot by Nathan Walker.
13:50 of 3rd period - Stopped by Spencer Knight without a rebound.
13:51 of 3rd period - Dylan Gambrell wins face-off versus Clayton Keller in Penguins zone.
14:15 of 3rd period - Denis Malgin is hit by Matias Maccelli and loses puck.
14:22 of 3rd period - Slapshot by Marc Del Gaizo.
14:22 of 3rd period - Stopped by Brandon Halverson without a rebound.
14:23 of 3rd period - Dylan Gambrell wins face-off versus Philipp Kurashev in Checkers zone.
14:39 of 3rd period - Minor Penalty to Noah Dobson for Holding.
14:40 of 3rd period - Dylan Gambrell wins face-off versus Denis Malgin in Penguins zone.
15:49 of 3rd period - Marc Del Gaizo is hit by Nathan Walker.
15:59 of 3rd period - Nick Abruzzese is hit by Sampo Ranta and loses puck.
16:39 of 3rd period - Penalty to Noah Dobson is over, Noah Dobson is back on ice.
17:29 of 3rd period - Michael Anderson is hit by Philipp Kurashev and loses puck.
17:48 of 3rd period - Snap shot by Dakota Mermis.
17:48 of 3rd period - Deflect By Dmitry Voronkov.
17:48 of 3rd period - Shot Misses the Net.
17:48 of 3rd period - Puck is out of play.
17:49 of 3rd period - Roberts Lipsbergs wins face-off versus Dmitry Voronkov in Checkers zone.
17:49 of 3rd period - Roberts Lipsbergs is hit by Sampo Ranta.
18:40 of 3rd period - Minor Penalty to Matias Maccelli for Tripping.
18:41 of 3rd period - Mitchell Heard wins face-off versus Clayton Keller in Checkers zone.
18:53 of 3rd period - Slapshot by Noah Dobson.
18:53 of 3rd period - Deflect By Evan Rodrigues.
18:53 of 3rd period - Stopped by Brandon Halverson without a rebound.
18:54 of 3rd period - Mitchell Heard wins face-off versus Denis Malgin in Checkers zone.
19:22 of 3rd period - Slapshot by John Marino.
19:22 of 3rd period - Shot Blocked by Ryan Pulock.
19:24 of 3rd period - Snap shot by Denis Malgin.
19:24 of 3rd period - Shot Misses the Net.
19:52 of 3rd period - Dylan Gambrell is hit by Clayton Keller and loses puck.
19:57 of 3rd period - Wrist shot by Evan Rodrigues.
19:57 of 3rd period - Shot Misses the Net.
Goals for this period are 0 for Checkers vs 0 for Penguins.
Shots for this period are 5 for Checkers vs 4 for Penguins.